 Dungeon Crawl Stone Soup version 0.25.1-2-g60ff931df9 (webtiles) character file.

Game seed: 14544211950256522908

335 pokeman the Magician (level 6, 0/34 HPs)
             Began as a Deep Elf Wizard on Nov 18, 2020.
             Slain by a scorpion (5 damage)
             ... on level 5 of the Dungeon.
             The game lasted 00:08:24 (3705 turns).

pokeman the Magician (Deep Elf Wizard)              Turns: 3705, Time: 00:08:25

Health: 0/34       AC:  5    Str:  4    XL:     6   Next: 28%
Magic:  23/27      EV: 12    Int: 25    God:
Gold:   104        SH:  0    Dex: 13    Spells: 8/19 levels left

rFire    . . .     SeeInvis .   o - +0 dagger (venom)
rCold    . . .     Gourm    .   (no shield)
rNeg     . . .     Faith    .   c - +0 leather armour
rPois    .         Spirit   .   n - +0 helmet
rElec    .         Reflect  .   p - +0 cloak
rCorr    .         Harm     .   (no gloves)
MR       .....     Rnd*Tele +   (no boots)
Stlth    +.........             (no amulet)
HPRegen  0.11/turn              a - ring of teleportation (curse)
MPRegen  0.20/turn              i - ring of magical power

@: confused
A: no striking features
a: no special abilities


You were on level 5 of the Dungeon.
You were not hungry.

You visited 1 branch of the dungeon, and saw 5 of its levels.

You collected 104 gold pieces.

Inventory:

Hand Weapons
 o - a +0 dagger of venom (weapon)
Missiles
 e - 21 bolts
Armour
 c - a +0 leather armour (worn)
 n - a +0 helmet (worn)
 p - a +0 cloak (worn)
Jewellery
 a - a cursed ring of teleportation (left hand)
 i - a ring of magical power (right hand)
Wands
 u - a wand of disintegration (12)
Scrolls
 b - a scroll of enchant armour {unknown}
 f - 2 scrolls of blinking {unknown}
 g - 7 scrolls of identify {unknown}
 j - 2 scrolls of remove curse {unknown}
 k - a scroll of immolation {unknown}
 r - a scroll of enchant weapon {unknown}
Potions
 h - a potion of flight {unknown}
 l - a potion of invisibility {unknown}
 m - a potion of degeneration {unknown}
 q - a potion of might {unknown}
 s - a potion of stabbing {unknown}
Comestibles
 d - 6 rations
 t - a chunk of flesh


   Skills:
 + Level 1.1 Fighting
 - Level 1.0 Armour
 - Level 3.0 Dodging
 - Level 3.1 Stealth
 * Level 7.0 Spellcasting
 + Level 3.1 Conjurations
 - Level 1.1 Summonings
 - Level 1.1 Translocations
 + Level 1.3 Fire Magic
 - Level 1.0 Air Magic
 - Level 1.0 Poison Magic
 + Level 0.0 Evocations


You had 8 spell levels left.
You knew the following spells:

 Your Spells              Type           Power        Failure   Level  Hunger
a - Magic Dart            Conj           ###.         3%          1    None
b - Mephitic Cloud        Conj/Pois/Air  ###.....     17%         3    None
c - Call Imp              Summ           ##......     11%         2    None
d - Blink                 Tloc           N/A          11%         2    None
e - Conjure Flame         Conj/Fire      ###.....     14%         3    None

Your spell library contained the following spells:

 Spells                   Type           Power        Failure   Level  Hunger
 Slow                     Hex            #.......     17%         2    None


Dungeon Overview and Level Annotations

Branches:
Dungeon (5/15)
 Temple: D:4-7

Altars:
Fedhas
Hepliaklqana
Xom

Annotations:
D:4 Grinder


Message History

The scorpion closely misses you.
Casting: Mephitic Cloud (quite dangerous; 17% risk of failure)
Confirm with . or Enter, or press ? or * to list all spells.
The spell is quite dangerous to cast (17% risk of failure)!
Continue anyway?
Aiming: Mephitic Cloud (quite dangerous; 17% risk of failure)
Press: ? - help, Shift-Dir - straight line, f - hound
Aim: a hound That beam is likely to hit you.
Continue anyway?
The ball explodes into a vile cloud!
The stinking cloud engulfs the hound but does no damage.
The stinking cloud engulfs you but does no damage.
The stinking cloud engulfs the scorpion but does no damage.
The stinking cloud engulfs the worker ant but does no damage.
You are engulfed in noxious fumes.
You choke on the stench!
You are confused.
* * * LOW HITPOINT WARNING * * *
You hear a shout!
The hound is engulfed in noxious fumes.
The hound appears confused.
The scorpion stings you.
You die...

.... ..... .... ... #'#
####+#####.#
####...h☼.....#
.......@☼aoo..#
####....s.o.o.# o #
#.....####.#.# ..
#.....#..o.o..o... ...
#######....#.##### ....
############....#.#
.....##............#### #
........o...o...##.# #
...###.#######+##.####.#.##


You could see a scorpion, a hound (confused), a worker ant and 4 orcs.

Vanquished Creatures
  3 crimson imps (D:3)
  2 orc wizards (D:3)
  A worker ant (D:4)
  Robin (D:2)
  8 adders
  A worm (D:3)
  2 dart slugs
  A leopard gecko (D:1)
  2 orcs (D:3)
  9 ball pythons
  A giant cockroach (D:3)
  11 goblins
  6 hobgoblins
  4 jackals (D:3)
  3 bats
  3 frilled lizards
  A kobold (D:2)
  11 rats
70 creatures vanquished.

Notes
Turn   | Place    | Note
-------+----------+-------------------------------------------
     0 | D:1      | pokeman the Deep Elf Wizard began the quest for the Orb.
     0 | D:1      | Reached XP level 1. HP: 10/10 MP: 7/7
   247 | D:1      | Reached XP level 2. HP: 15/15 MP: 5/9
  1060 | D:2      | Reached skill level 5 in Spellcasting
  1090 | D:2      | Reached XP level 3. HP: 20/20 MP: 11/11
  1095 | D:2      | Learned a level 3 spell: Mephitic Cloud
  1098 | D:2      | Learned a level 2 spell: Call Imp
  1101 | D:2      | Learned a level 2 spell: Blink
  1105 | D:2      | Learned a level 3 spell: Conjure Flame
  1258 | D:2      | Noticed Robin
  1276 | D:2      | Killed Robin
  1276 | D:2      | Reached skill level 1 in Fighting
  1291 | D:2      | Reached skill level 1 in Armour
  1668 | D:2      | Reached XP level 4. HP: 21/25 MP: 13/13
  2191 | D:3      | Reached skill level 1 in Fire Magic
  2295 | D:3      | Found a hazy altar of Hepliaklqana.
  2329 | D:3      | Reached skill level 6 in Spellcasting
  2329 | D:3      | Reached XP level 5. HP: 25/29 MP: 15/15
  2560 | D:3      | Reached skill level 1 in Air Magic
  3025 | D:3      | Found a shimmering altar of Xom.
  3071 | D:3      | Reached skill level 1 in Poison Magic
  3071 | D:3      | Reached XP level 6. HP: 28/34 MP: 4/17
  3534 | D:4      | Reached skill level 7 in Spellcasting
  3563 | D:4      | Noticed Grinder
  3584 | D:4      | Paralysed by Grinder for 6 turns
  3601 | D:5      | Entered Level 5 of the Dungeon
  3601 | D:5      | Found a blossoming altar of Fedhas.
  3705 | D:5      | Slain by a scorpion

Illustrated notes

Levels and vault maps discovered:
D:1:      dpeg_arrival_lava_temple_mockup, layout_loops_ring
D:2:      layout_basic, uniq_robin
D:3:      layout_basic, led_xom_imps, marbit_many_paths, first_ration,
          minmay_snake_closets
D:4:      layout_loops_ring, kiku_gazebo_garden_becter,
          minmay_temple_entry_grid, chequers_serial_rivers_micro_c, uniq_grinder
D:5:      layout_basic, lemuel_crystal_altar

Skill      XL: |  1  2  3  4  5  6 |
---------------+-------------------+-----
Spellcasting   | 5 6 7 |  7.0
Fighting       | 1 |  1.1
Armour         | 1 |  1.0
Conjurations   | 2 3 |  3.1
Fire Magic     | 1 |  1.3
Dodging        | 3 |  3.0
Air Magic      | 1 |  1.0
Stealth        | 3 |  3.1
Poison Magic   | 1 |  1.0
Summonings     | |  1.1
Translocations | |  1.1

Action                   |  1- 3 |  4- 6 || total
-------------------------+-------+-------++-------
Melee: Dagger            |    25 |    30 ||    55
 Cast: Magic Dart        |    63 |   114 ||   177
       Mephitic Cloud    |     1 |     7 ||     8
       Call Imp          |       |     1 ||     1
       Conjure Flame     |       |     1 ||     1
 Stab: Confused          |       |     1 ||     1
       Sleeping          |       |     1 ||     1
  Eat: Chunk             |     2 |     6 ||     8
Armor: Leather armour    |    11 |    12 ||    23
Dodge: Dodged            |    17 |    32 ||    49
